 Dungeon Crawl Stone Soup version 0.31-a0-640-g39d97e502b (webtiles) character file.

Game seed: 15025340778152122799

11025 qw the Skirmisher (level 11, -8/71 HPs)
             Began as a Gargoyle Hunter on Aug 27, 2023.
             Was an Elder of Okawaru.
             Blown up by an orb spider (28 damage)
             ... with an orb of destruction
             ... on level 2 of the Lair of Beasts.
             The game lasted 00:04:51 (10162 turns).

qw the Skirmisher (Gargoyle Hunter)                Turns: 10162, Time: 00:04:52

Health: -8/71      AC: 18    Str: 14    XL:     11   Next: 71%
Magic:  15/15      EV: 14    Int: 11    God:    Okawaru [****..]
Gold:   334        SH:  0    Dex: 17    Spells: 10/10 levels left

rFire   . . .        Y - +1 orcbow
rCold   . . .        (shield currently unavailable)
rNeg    + . .        h - +0 steam dragon scales
rPois   inf          g - +0 helmet
rElec   +            (no cloak)
rCorr   .            j - +0 pair of gloves
SInv    .            b - +1 pair of boots {rampage}
Will    .....        c - amulet of faith
Stlth   ++           (no ring)
HPRegen 0.31/turn    (no ring)
MPRegen 0.14/turn

%: rampage, faith
@: no status effects
A: sickness immunity, AC +8, negative energy resistance 1, electricity
resistance, torment resistance 1, petrification resistance
a: Renounce Religion, Heroism, Finesse


You were on level 2 of the Lair of Beasts.
You worshipped Okawaru.
Okawaru was greatly pleased with you.
You visited 2 branches of the dungeon, and saw 10 of its levels.

You collected 666 gold pieces.
You spent 332 gold pieces at shops.


Innate Abilities, Weirdness & Mutations

You are immune to sickness and miasma.
Your stone body is resilient. (AC +8)
You are immune to poison.
You resist negative energy. (rN+)
You are resistant to electric shocks. (rElec)
You are resistant to unholy torment.
You are immune to petrification.


   Skills:
 + Level 9.4 Fighting
 - Level 14.1 Ranged Weapons
 - Level 5.1 Armour
 - Level 4.1 Dodging
 - Level 1.1 Stealth
 + Level 6.0 Invocations


You had 10 spell levels left.
You didn't know any spells.
Your spell library was empty.

Inventory:

Hand Weapons
 Y - a +1 orcbow (weapon)
Armour
 b - a +1 pair of boots of rampaging (worn)
 g - a +0 helmet (worn)
 h - +0 steam dragon scales (worn)
 j - a +0 pair of gloves (worn)
Jewellery
 c - an amulet of faith (around neck)
 e - a ring of ice
Wands
 n - a wand of digging (5)
Scrolls
 a - 4 scrolls of teleportation
 q - a scroll of identify
Potions
 d - a potion of cancellation
 f - 2 potions of magic
 i - 5 potions of curing
 k - a potion of haste
 l - a potion of might
 m - a potion of attraction {unknown}
 o - a potion of enlightenment

Dungeon Overview and Level Annotations

Branches:
Dungeon (8/15)             Temple (0/1) D:5            Lair (2/5) D:8
 Spider (0/4) Lair:2
  Swamp: Lair:2-3    Shoals: Lair:2-3

Altars:
Hepliaklqana
Makhleb
Okawaru
Qazlal
Sif Muna
Uskayaw

Shops:
D:7 **[:

Annotations:
D:3 3 runed translucent doors, qw's ghost, amateur GrHs
D:7 exclusion: troll
Lair:2 exclusion: 3 orb spiders


Message History

Enter note:
Enter note:
Enter note:
Enter note:
Enter note:
Enter note:
Enter note:
Enter note:
Enter note:
Enter note:
Enter note:
Enter note:
Enter note:
Enter note:
Enter note:
Enter note:
Enter note:
Enter note:
Enter note:
Enter note:
Enter note:
Enter note:
Enter note:
Enter note: You are caught in the web!
There is a web here.
You disentangle yourself.
The orb spider weaves a glowing orb of energy.
An orb of destruction comes into view.
Enter note:
Enter note:
Enter note:
Enter note:
Enter note:
Enter note:
Enter note:
Enter note: You pick your way through the web.
The orb of destruction hits you!!
You die...

#
#......##.#.#........##
.#
##...................#
##
#..#..^.####..#.....# #
###..##### .
#^.###.^### ..
#.^.#^.^..# ..
#^.#...~~~+##
#..##..00^..#
#..##@0.~s>.#
#..#...#~^^##
#.#.#...~~+#
#^.........#
##.^###..### ##. ### #


You could see an orb spider.

Vanquished Creatures
  Gastronok (Lair:1)
  A hydra (Lair:2)
  A two-headed ogre (D:8)
  A skyshark (Lair:2)
  2 black mambas
  3 cane toads
  6 komodo dragons
  Maggie (Lair:1)
  A troll (D:7)
  4 blink frogs (Lair:1)
  A hornet (Lair:1)
  2 steam dragons (D:8)
  3 water moccasins
  3 black bears
  3 ice beasts
  A sky beast (D:8)
  An ogre (D:7)
  3 centaurs
  6 wolves (Lair:1)
  2 kobold brigands
  7 bullfrogs
  A gnoll sergeant (D:8)
  A scorpion (D:4)
  4 wights (D:8)
  2 howler monkeys
  A jelly (D:5)
  An orc priest (D:3)
  3 hounds
  2 gnoll boudas (D:7)
  3 iguanas
  4 sleepcaps
  6 orc wizards
  18 gnolls
  5 adders
  A shadow imp (D:5)
  2 white imps
  3 ufetubi
  38 orcs
  8 ball pythons
  3 endoplasms
  2 giant cockroaches
  10 goblins
  4 hobgoblins
  2 jackals (D:2)
  A quokka (D:1)
  7 bats
  5 frilled lizards
  15 kobolds
  6 rats
211 creatures vanquished.

Notes
Turn   | Place    | Note
-------+----------+-------------------------------------------
     0 | D:1      | qw the Gargoyle Hunter began the quest for the Orb.
     0 | D:1      | Reached XP level 1. HP: 12/12 MP: 1/1
     0 | D:1      | 0 ||| qw: Version: 0.3-a-74-g0d5e918
     0 | D:1      | 0 ||| qw: Game counter: 176
     0 | D:1      | 0 ||| qw: Melee chars always use a shield: true
     0 | D:1      | 0 ||| qw: God list: Okawaru
     0 | D:1      | 0 ||| qw: Allow faded altars: false
     0 | D:1      | 0 ||| qw: Do Orc after clearing Dungeon:15 true
     0 | D:1      | 0 ||| qw: Do second Lair branch before Depths: true
     0 | D:1      | 0 ||| qw: Lair rune preference: random
     0 | D:1      | 0 ||| qw: Goals: Normal
     0 | D:1      | 0 ||| PLANNING D:1-11
    24 | D:1      | Reached XP level 2. HP: 14/17 MP: 2/2
   131 | D:1      | Reached XP level 3. HP: 8/21 MP: 3/3
   296 | D:1      | Reached skill level 5 in Ranged Weapons
   618 | D:1      | 618 ||| UPGRADING to +0 helmet.
   623 | D:1      | 623 ||| READING 2 scrolls labelled DUSUEX OBORRU.
   628 | D:1      | 628 ||| READING scroll labelled ZELANI OWAL.
   629 | D:1      | 629 ||| DROPPING scroll of butterflies.
   721 | D:2      | Reached skill level 3 in Fighting
   721 | D:2      | Reached XP level 4. HP: 26/28 MP: 4/4
   848 | D:2      | 848 ||| UPGRADING to +0 ring mail.
   858 | D:2      | 858 ||| DROPPING +0 leather armour.
   859 | D:2      | 859 ||| READING scroll labelled GYTHUN IRUMYS.
   866 | D:2      | 866 ||| FLEEEEING.
   867 | D:2      | 867 ||| STAIRDANCE
   871 | D:2      | 871 ||| STAIRDANCE
   878 | D:2      | 878 ||| STAIRDANCE
   882 | D:2      | 882 ||| STAIRDANCE
   886 | D:2      | 886 ||| STAIRDANCE
   890 | D:2      | 890 ||| STAIRDANCE
   894 | D:2      | 894 ||| STAIRDANCE
   898 | D:2      | 898 ||| STAIRDANCE
   902 | D:2      | 902 ||| STAIRDANCE
   906 | D:2      | 906 ||| STAIRDANCE
   910 | D:2      | 910 ||| STAIRDANCE
   914 | D:2      | 914 ||| STAIRDANCE
   918 | D:2      | 918 ||| STAIRDANCE
   922 | D:2      | 922 ||| STAIRDANCE
   926 | D:2      | 926 ||| STAIRDANCE
   930 | D:2      | 930 ||| STAIRDANCE
   934 | D:2      | 934 ||| STAIRDANCE
   938 | D:2      | 938 ||| STAIRDANCE
   942 | D:2      | 942 ||| STAIRDANCE
   946 | D:2      | 946 ||| STAIRDANCE
  1150 | D:2      | Reached skill level 1 in Armour
  1566 | D:2      | 1566 ||| READING scroll labelled HUSEUP MOASM.
  1567 | D:2      | 1567 ||| DRINKING 3 black potions.
  1643 | D:3      | Found an iron altar of Okawaru.
  1644 | D:3      | 1644 ||| PLANNING OKAWARU WORSHIP
  1652 | D:3      | Became a worshipper of Warmaster Okawaru
  1653 | D:3      | 1653 ||| PLANNING D:1-11
  1738 | D:3      | Noticed qw's ghost (amateur GrHs)
  1746 | D:3      | Found a runed translucent gate.
  1746 | D:3      | Found a runed translucent gate.
  1746 | D:3      | Found a runed translucent gate.
  1776 | D:3      | 1776 ||| RETREATING.
  1781 | D:3      | Reached XP level 5. HP: 32/32 MP: 5/5
  2042 | D:3      | Reached skill level 6 in Ranged Weapons
  2358 | D:3      | 2358 ||| UPGRADING to +0 pair of boots.
  2363 | D:3      | 2363 ||| UPGRADING to +0 pair of gloves.
  2368 | D:3      | 2368 ||| READING scroll labelled ERRUNU EKIUPAXTO.
  2465 | D:4      | Reached XP level 6. HP: 37/37 MP: 6/6
  2842 | D:4      | 2842 ||| FLEEEEING.
  2843 | D:4      | 2843 ||| FLEEEEING.
  2844 | D:4      | 2844 ||| FLEEEEING.
  2846 | D:4      | 2846 ||| FLEEEEING.
  2847 | D:4      | 2847 ||| FLEEEEING.
  2848 | D:4      | 2848 ||| FLEEEEING.
  2849 | D:4      | 2849 ||| FLEEEEING.
  2850 | D:4      | 2850 ||| FLEEEEING.
  2851 | D:4      | 2851 ||| FLEEEEING.
  2852 | D:4      | 2852 ||| FLEEEEING.
  2853 | D:4      | 2853 ||| FLEEEEING.
  2854 | D:4      | 2854 ||| FLEEEEING.
  2855 | D:4      | 2855 ||| FLEEEEING.
  2861 | D:4      | 2861 ||| FLEEEEING.
  2862 | D:4      | 2862 ||| FLEEEEING.
  2863 | D:4      | 2863 ||| FLEEEEING.
  2864 | D:4      | 2864 ||| FLEEEEING.
  2865 | D:4      | 2865 ||| FLEEEEING.
  2866 | D:4      | 2866 ||| FLEEEEING.
  2867 | D:4      | 2867 ||| FLEEEEING.
  2868 | D:4      | 2868 ||| FLEEEEING.
  2869 | D:4      | 2869 ||| FLEEEEING.
  2870 | D:4      | 2870 ||| FLEEEEING.
  2871 | D:4      | 2871 ||| FLEEEEING.
  2872 | D:4      | 2872 ||| FLEEEEING.
  2873 | D:4      | 2873 ||| FLEEEEING.
  2874 | D:4      | 2874 ||| FLEEEEING.
  2875 | D:4      | 2875 ||| FLEEEEING.
  2876 | D:4      | 2876 ||| FLEEEEING.
  2880 | D:4      | 2880 ||| FLEEEEING.
  2881 | D:4      | 2881 ||| FLEEEEING.
  2882 | D:4      | 2882 ||| FLEEEEING.
  2883 | D:4      | 2883 ||| FLEEEEING.
  2884 | D:4      | 2884 ||| FLEEEEING.
  3149 | D:4      | Reached * piety under Okawaru
  3150 | D:4      | Reached XP level 7. HP: 43/43 MP: 7/7
  3267 | D:5      | Entered Level 5 of the Dungeon
  3288 | D:5      | Found a hazy altar of Hepliaklqana.
  3321 | D:5      | Identified the +5 scale mail "Roengaqi" {*Corrode rC- Int+8
                  | Dex+4}
  3325 | D:5      | 3325 ||| READING scroll labelled ONEALI GUGUFIST.
  3336 | D:5      | 3336 ||| INVOKING Heroism.
  3338 | D:5      | Reached skill level 7 in Ranged Weapons
  3417 | D:5      | 3417 ||| INVOKING Heroism.
  3686 | D:5      | Found a staircase to the Ecumenical Temple.
  3779 | D:5      | Found a burning altar of Makhleb.
  3866 | D:5      | Reached skill level 1 in Invocations
  3915 | D:5      | Found a hide-covered altar of Uskayaw.
  3962 | D:5      | 3962 ||| READING scroll labelled UFOVEI XAVIE.
  3963 | D:5      | 3963 ||| DRINKING 2 murky dark potions.
  3970 | D:6      | Identified the +0 hand axe of Waitug {flame, Will+}
  4064 | D:6      | 4064 ||| INVOKING Heroism.
  4073 | D:6      | Reached skill level 8 in Ranged Weapons
  4331 | D:6      | 4331 ||| INVOKING Heroism.
  4333 | D:6      | HP: 9/43 [ice beast (10)]
  4334 | D:6      | 4334 ||| READING 3 scrolls of teleportation.
  4338 | D:6      | Reached XP level 8. HP: 11/48 MP: 6/9
  4338 | D:6      | 4338 ||| READING 2 scrolls of teleportation.
  4627 | D:6      | 4627 ||| INVOKING Heroism.
  4772 | D:6      | Reached skill level 3 in Invocations
  4904 | D:6      | 4904 ||| INVOKING Heroism.
  5153 | D:6      | 5153 ||| DRINKING 2 bubbling blue potions.
  5154 | D:6      | 5154 ||| DRINKING 2 murky sapphire potions.
  5155 | D:6      | 5155 ||| DROPPING potion of brilliance.
  5280 | D:7      | Found Yfehu's Assorted Antiques.
  5280 | D:7      | Found Gousy's Armour Boutique.
  5283 | D:7      | 5283 ||| BUYING curved fluorescent wand (60 gold).
  5283 | D:7      | Bought a curved fluorescent wand for 60 gold pieces
  5283 | D:7      | 5283 ||| BUYING sapphire potion (13 gold).
  5283 | D:7      | Bought a sapphire potion for 13 gold pieces
  5283 | D:7      | 5283 ||| BUYING scroll labelled GEFORPH TYLESH (15 gold).
  5283 | D:7      | Bought a scroll labelled GEFORPH TYLESH for 15 gold pieces
  5283 | D:7      | 5283 ||| BUYING scroll labelled OLIEJA WAQACUNO (15 gold).
  5283 | D:7      | Bought a scroll labelled OLIEJA WAQACUNO for 15 gold pieces
  5283 | D:7      | 5283 ||| BUYING scroll labelled OLIEJA WAQACUNO (15 gold).
  5283 | D:7      | Bought a scroll labelled OLIEJA WAQACUNO for 15 gold pieces
  5283 | D:7      | 5283 ||| BUYING scroll of teleportation (45 gold).
  5283 | D:7      | Bought a scroll of teleportation for 45 gold pieces
  5284 | D:7      | Found Jiapoaw's Book Boutique.
  5284 | D:7      | Found Gioneffo's Assorted Antiques.
  5301 | D:7      | 5301 ||| BUYING fizzy emerald potion (20 gold).
  5301 | D:7      | Bought a fizzy emerald potion for 20 gold pieces
  5301 | D:7      | 5301 ||| BUYING runed sling (103 gold).
  5301 | D:7      | Bought a runed sling for 103 gold pieces
  5301 | D:7      | 5301 ||| BUYING scroll labelled OLIEJA WAQACUNO (23 gold).
  5301 | D:7      | Bought a scroll labelled OLIEJA WAQACUNO for 23 gold pieces
  5301 | D:7      | 5301 ||| BUYING scroll labelled OLIEJA WAQACUNO (23 gold).
  5301 | D:7      | Bought a scroll labelled OLIEJA WAQACUNO for 23 gold pieces
  5301 | D:7      | 5301 ||| SHOPLISTING twisted sapphire ring (115 gold, have
                  | 35).
  5301 | D:7      | 5301 ||| DROPPING +2 antimagic sling.
  5500 | D:7      | 5500 ||| INVOKING Heroism.
  5558 | D:7      | 5558 ||| FLEEEEING.
  5649 | D:7      | 5649 ||| Stepping ~*~*~tactically~*~*~ (outnumbered).
  5660 | D:7      | 5660 ||| INVOKING Heroism.
  5668 | D:7      | 5668 ||| DRINKING 3 potions of curing.
  5668 | D:7      | 5668 ||| (to cure confusion)
  5677 | D:7      | Reached skill level 9 in Ranged Weapons
  5680 | D:7      | Reached skill level 3 in Armour
  5693 | D:7      | 5693 ||| SWAPPING to +0 orcbow.
  5725 | D:7      | 5725 ||| DROPPING +0 shortbow.
  5746 | D:7      | Reached skill level 6 in Fighting
  5746 | D:7      | Reached XP level 9. HP: 55/55 MP: 12/12
  5762 | D:7      | 5762 ||| INVOKING Heroism.
  5780 | D:7      | Noticed a troll
  5784 | D:7      | 5784 ||| READING scroll labelled GEFORPH TYLESH.
  5786 | D:7      | 5786 ||| READING 4 scrolls labelled OLIEJA WAQACUNO.
  5950 | D:7      | 5950 ||| FLEEEEING.
  5951 | D:7      | 5951 ||| FLEEEEING.
  5952 | D:7      | 5952 ||| FLEEEEING.
  5953 | D:7      | 5953 ||| FLEEEEING.
  5954 | D:7      | 5954 ||| INVOKING Heroism.
  6373 | D:7      | 6373 ||| INVOKING Heroism.
  6376 | D:7      | Killed a troll
  6377 | D:7      | Reached skill level 10 in Ranged Weapons
  6391 | D:7      | Found a shimmering blue altar of Sif Muna.
  6401 | D:7      | 6401 ||| READING scroll labelled BONEIPN JIABO.
  6402 | D:7      | 6402 ||| READING scroll labelled SOUCIBBEBLU.
  6404 | D:7      | 6404 ||| DRINKING 2 fizzy emerald potions.
  6417 | D:7      | 6417 ||| DRINKING 2 green potions.
  6491 | D:7      | 6491 ||| DRINKING 2 pink potions.
  6492 | D:7      | 6492 ||| READING 3 scrolls of identify.
  6492 | D:7      | 6492 ||| IDENTIFYING bubbling brown potion
  6501 | D:7      | 6501 ||| READING 2 scrolls of identify.
  6501 | D:7      | 6501 ||| IDENTIFYING glowing clear potion
  6502 | D:7      | 6502 ||| DROPPING wand of mindburst (8).
  6505 | D:7      | 6505 ||| DROPPING potion of degeneration.
  6506 | D:7      | 6506 ||| DROPPING potion of lignification.
  6614 | D:8      | 6614 ||| Stepping ~*~*~tactically~*~*~ (outnumbered).
  6633 | D:8      | 6633 ||| INVOKING Heroism.
  6640 | D:8      | Reached ** piety under Okawaru
  6668 | D:8      | 6668 ||| INVOKING Heroism.
  6688 | D:8      | Noticed a two-headed ogre
  6689 | D:8      | 6689 ||| RETREATING.
  6690 | D:8      | 6690 ||| INVOKING Heroism.
  6694 | D:8      | 6694 ||| Stepping ~*~*~tactically~*~*~ (retreating).
  6697 | D:8      | 6697 ||| Stepping ~*~*~tactically~*~*~ (retreating).
  6701 | D:8      | Killed a two-headed ogre
  6848 | D:8      | Found a stormy altar of Qazlal.
  6854 | D:8      | 6854 ||| Stepping ~*~*~tactically~*~*~ (retreating).
  6855 | D:8      | 6855 ||| Stepping ~*~*~tactically~*~*~ (retreating).
  6856 | D:8      | Reached *** piety under Okawaru
  6866 | D:8      | 6866 ||| INVOKING Heroism.
  6889 | D:8      | Reached XP level 10. HP: 42/65 MP: 13/13
  7046 | D:8      | 7046 ||| Stepping ~*~*~tactically~*~*~ (outnumbered).
  7129 | D:8      | Reached skill level 11 in Ranged Weapons
  7132 | D:8      | Reached skill level 3 in Dodging
  7194 | D:8      | Found a staircase to the Lair.
  7323 | D:8      | 7323 ||| INVOKING Heroism.
  7335 | D:8      | 7335 ||| Stepping ~*~*~tactically~*~*~ (cloud).
  7482 | D:8      | 7482 ||| INVOKING Heroism.
  7579 | D:8      | 7579 ||| PLANNING LAIR
  7579 | D:8      | 7579 ||| READING scroll labelled BEYRRAUTSE.
  7579 | D:8      | Identified a scroll of acquirement
  7579 | D:8      | 7579 ||| ACQUIRING +1 pair of boots of rampaging
  7579 | D:8      | Acquired a +1 pair of boots of rampaging
  7581 | D:8      | 7581 ||| UPGRADING to +1 pair of boots of rampaging.
  7591 | D:8      | 7591 ||| DROPPING +0 pair of boots.
  7592 | D:8      | 7592 ||| READING 2 scrolls of identify.
  7592 | D:8      | 7592 ||| IDENTIFYING viscous cyan potion
  7620 | Lair:1   | Entered Level 1 of the Lair of Beasts
  7620 | Lair:1   | Noticed a cane toad
  7621 | Lair:1   | 7621 ||| INVOKING Heroism.
  7623 | Lair:1   | 7623 ||| STAIRDANCE
  7633 | D:8      | Killed a cane toad
  7672 | Lair:1   | 7672 ||| INVOKING Heroism.
  7672 | Lair:1   | Noticed a cane toad
  7673 | Lair:1   | 7673 ||| STAIRDANCE
  7675 | D:8      | HP: 12/65 [komodo dragon (8)]
  7676 | D:8      | 7676 ||| READING 4 scrolls of teleportation.
  7677 | D:8      | 7677 ||| DRINKING potion of heal wounds.
  7877 | D:8      | 7877 ||| INVOKING Heroism.
  8036 | Lair:1   | 8036 ||| INVOKING Heroism.
  8047 | Lair:1   | Killed a cane toad
  8048 | Lair:1   | 8048 ||| STAIRDANCE
  8198 | Lair:1   | 8198 ||| INVOKING Heroism.
  8204 | Lair:1   | Reached skill level 12 in Ranged Weapons
  8264 | Lair:1   | 8264 ||| INVOKING Heroism.
  8266 | Lair:1   | 8266 ||| RETREATING.
  8269 | Lair:1   | 8269 ||| Stepping ~*~*~tactically~*~*~ (retreating).
  8270 | Lair:1   | 8270 ||| Stepping ~*~*~tactically~*~*~ (retreating).
  8290 | Lair:1   | 8290 ||| INVOKING Heroism.
  8368 | Lair:1   | Noticed a cane toad
  8369 | Lair:1   | 8369 ||| INVOKING Heroism.
  8374 | Lair:1   | Killed a cane toad
  8467 | Lair:1   | Noticed a black mamba
  8468 | Lair:1   | 8468 ||| INVOKING Heroism.
  8479 | Lair:1   | Killed a black mamba
  8480 | Lair:1   | Reached skill level 13 in Ranged Weapons
  8512 | Lair:1   | 8512 ||| INVOKING Heroism.
  8524 | Lair:1   | Reached skill level 9 in Fighting
  8524 | Lair:1   | Reached XP level 11. HP: 61/71 MP: 12/14
  8576 | Lair:1   | 8576 ||| RETREATING.
  8654 | Lair:1   | 8654 ||| RETREATING.
  8659 | Lair:1   | 8659 ||| Stepping ~*~*~tactically~*~*~ (retreating).
  8660 | Lair:1   | 8660 ||| Stepping ~*~*~tactically~*~*~ (retreating).
  8661 | Lair:1   | 8661 ||| Stepping ~*~*~tactically~*~*~ (retreating).
  8662 | Lair:1   | 8662 ||| Stepping ~*~*~tactically~*~*~ (retreating).
  8673 | Lair:1   | 8673 ||| INVOKING Heroism.
  8927 | Lair:1   | Noticed Maggie
  8939 | Lair:1   | Killed Maggie
  8939 | Lair:1   | Reached **** piety under Okawaru
  8960 | Lair:1   | 8960 ||| INVOKING Heroism.
  9016 | Lair:1   | Noticed Gastronok
  9017 | Lair:1   | 9017 ||| INVOKING Heroism.
  9040 | Lair:1   | Killed Gastronok
  9041 | Lair:1   | Reached skill level 14 in Ranged Weapons
  9469 | Lair:1   | 9469 ||| UPGRADING to +0 steam dragon scales.
  9479 | Lair:1   | 9479 ||| DROPPING +0 ring mail.
  9480 | Lair:1   | 9480 ||| UPGRADING to amulet of faith.
  9485 | Lair:1   | 9485 ||| READING scroll labelled JIPELE GEUSE.
  9593 | Lair:2   | Noticed a skyshark
  9617 | Lair:2   | 9617 ||| INVOKING Heroism.
  9622 | Lair:2   | Killed a skyshark
  9793 | Lair:2   | Noticed a six-headed hydra
  9794 | Lair:2   | 9794 ||| INVOKING Heroism.
  9805 | Lair:2   | Killed a six-headed hydra
  9958 | Lair:2   | 9958 ||| INVOKING Heroism.
 10036 | Lair:2   | 10036 ||| INVOKING Heroism.
 10055 | Lair:2   | Reached skill level 6 in Invocations
 10151 | Lair:2   | Found a hole to the Spider Nest.
 10151 | Lair:2   | Noticed an orb spider
 10162 | Lair:2   | Blown up by an orb spider

Levels and vault maps discovered:
D:1:      spicycebolla_arrival_ecumenical, layout_basic, dk_noncrumbling_4
D:2:      layout_basic, dreamdust_wishing_well
D:3:      layout_loops_cross, okawaru_trees_2, gammafunk_ghost_split,
          minmay_distorted
D:4:      layout_loops_ring, dreamdust_gnoll_farm
D:5:      layout_gridville, nicolae_uskayaw_suspiria, amcnicky_altar_gilded,
          mainiacjoe_overflow_tiny_flanked,
          minmay_temple_entry_statues_fountains
D:6:      layout_cave_pods
D:7:      layout_basic, mainiacjoe_overflow_brackets, minmay_shop_grid_forest,
          minivault_23, amcnicky_mini_pool_medium
D:8:      layout_loops_ring, nicolae_qazlal_beasts_of_the_sky,
          david_lair_shrubbed, minmay_starry_boxes
Lair:1:   layout_regular_city, uniq_gastronok, uniq_maggie
Lair:2:   layout_chaotic_city, palyth_hydra_swamp_entry,
          nicolae_spider_entry_orb_guardian,
          hellmonk_guarded_unrand_seven_league_boots

Skill      XL: |  1  2  3  4  5  6  7  8  9 10 11 |
---------------+----------------------------------+-----
Ranged Weapons | 5 6 8 9 10 13 14 | 14.1
Fighting       | 3 4 6 8 9 |  9.4
Armour         | 1 2 3 4 5 |  5.1
Invocations    | 2 4 6 |  6.0
Dodging        | 2 3 4 |  4.1
Stealth        | |  1.1

Action                     |  1- 3 |  4- 6 |  7- 9 | 10-12 || total
---------------------------+-------+-------+-------+-------++-------
   Fire: Shortbow          |    70 |   234 |   304 |       ||   608
         Orcbow            |       |       |   139 |   395 ||   534
 Invoke: Heroism           |       |       |    14 |    19 ||    33
    Use: Scroll            |     2 |     3 |    10 |     4 ||    19
         Potion            |       |     1 |     7 |     1 ||     9
 Armour: Leather armour    |    10 |     1 |       |       ||    11
         Ring mail         |       |    68 |   127 |    66 ||   261
         Steam dragon scal |       |       |       |    40 ||    40
  Dodge: Dodged            |    17 |    97 |   180 |   172 ||   466

Table legend:
 A = Non-vault XP
 B = Vault XP
 C = Vault XP percentage of total XP
 D = Non-vault monster count
 E = Vault monster count
 F = Vault count percentage of total count
                 A         B        C        D         E       F
            +---------+---------+-------+---------+---------+-------
      Total |   11411 |    4340 |  27.6 |     192 |      19 |   9.0
            +---------+---------+-------+---------+---------+-------
        D:1 |      46 |       0 |   0.0 |      22 |       0 |   0.0
        D:2 |      96 |       0 |   0.0 |      22 |       0 |   0.0
        D:3 |     125 |       3 |   2.3 |      16 |       2 |  11.1
        D:4 |     273 |      85 |  23.7 |      24 |       4 |  14.3
        D:5 |     294 |       0 |   0.0 |      11 |       0 |   0.0
        D:6 |     560 |       0 |   0.0 |      19 |       0 |   0.0
        D:7 |     931 |     581 |  38.4 |      28 |       4 |  12.5
        D:8 |    1539 |    1825 |  54.3 |      22 |       7 |  24.1
     Lair:1 |    4605 |    1846 |  28.6 |      19 |       2 |   9.5
     Lair:2 |    2942 |       0 |   0.0 |       9 |       0 |   0.0
            +---------+---------+-------+---------+---------+-------
